 Dungeon Crawl Stone Soup version 0.31-a0-4-gefa6de2278 (webtiles) character file.

Game seed: 1799998893620935381

425 dompybear the Trooper (level 6, -6/68 HPs)
             Began as an Ogre Cinder Acolyte on May 5, 2023.
             Was an Initiate of Ignis.
             Mangled by a hornet (8 damage)
             ... on level 5 of the Dungeon.
             The game lasted 00:33:00 (2499 turns).

dompybear the Trooper (Ogre Cinder Acolyte)         Turns: 2499, Time: 00:33:03

Health: -6/68      AC:  3    Str: 21    XL:     6   Next: 96%
Magic:  7/7        EV:  9    Int: 21    God:    Ignis [......]
Gold:   166        SH:  0    Dex:  6    Spells: 7/7 levels left

rFire   + + .        C - +7 trident of Qeplokesku {heavy, rElec Will+ Dex+2 SInv}
rCold   . . .        (no shield)
rNeg    . . .        b - +0 robe
rPois   .            (helmet restricted)
rElec   +            (no cloak)
rCorr   .            (gloves unavailable)
SInv    +            (boots unavailable)
Will    ++...        y - amulet of magic regeneration
Stlth   +            k - +4 ring of slaying
HPRegen 0.31/turn    x - +6 ring of intelligence
MPRegen 0.50/turn

%: no passive effects
@: lethally poisoned (-6 -> -15), slowed, very slow
A: large, unfitting armour, tough skin 1, antennae 1, fire resistance 1,
strong-willed 1
a: Renounce Religion, Rising Flame


You were on level 5 of the Dungeon.
You worshipped Ignis.
Ignis was noncommittal.
You visited 1 branch of the dungeon, and saw 5 of its levels.

You collected 166 gold pieces.

Inventory:

Hand Weapons
 a - a -1 spear of flaming
 g - a +1 dagger of venom
 r - a +1 dagger of speed
 v - a +0 heavy flail
 C - the +7 trident of Qeplokesku (weapon) {heavy, rElec Will+ Dex+2 SInv}
   (You found it on level 4 of the Dungeon)

   Dex:       It affects your dexterity (+2).
   rElec:     It insulates you from electricity.
   SInv:      It lets you see invisible.
   Will:      It increases your willpower.
Missiles
 j - 2 throwing nets
Armour
 b - a +0 robe (worn)
 l - a +0 robe
Jewellery
 k - a +4 ring of slaying (left hand)
 t - an amulet of magic regeneration
 x - a +6 ring of intelligence (right hand)
 y - an amulet of magic regeneration (around neck)
Wands
 z - a wand of iceblast (9) (quivered)
Scrolls
 c - 3 scrolls of enchant armour
 d - a scroll of brand weapon {unknown}
 e - a scroll of blinking
 f - 5 scrolls of identify
 p - a scroll of fear
 u - a scroll of magic mapping {unknown}
 A - a scroll of summoning {unknown}
 B - a scroll of noise
Potions
 s - a potion of lignification {unknown}


   Skills:
 + Level 6.4 Fighting
 + Level 1.2 Short Blades
 + Level 0.8 Maces & Flails
 + Level 4.4 Polearms
 + Level 2.2 Dodging
 + Level 1.2 Stealth
 + Level 1.2 Spellcasting
 + Level 3.3 Fire Magic
 + Level 0.1 Evocations


You had 7 spell levels left.
You didn't know any spells.
Your spell library contained the following spells:

 Spells                   Type           Power      Damage    Failure   Level
 Scorch                   Fire           30%        2d6       6%          2
 Sublimation of Blood     Necr           1%         N/A       24%         2
 Wereblood                Tmut           1%         N/A       24%         2
 Summon Hydra             Summ           0%         N/A       100%        7


Dungeon Overview and Level Annotations

Branches:
Dungeon (5/15)
 Temple: D:4-7

Altars:
Zin

Shops:
D:4 :


Innate Abilities, Weirdness & Mutations

You are too large for most types of armour.
You have tough skin. (AC +1)
You have a pair of small antennae on your head.
Your flesh is heat resistant. (rF+)
You are strong-willed. (Will+)


Message History

You impale the scorpion!!
You kill the scorpion!
Your Short Blades skill increases to level 1!
The iguana bites you!
You impale the iguana!!
You kill the iguana!
A hornet comes into view.
You hear the slow rusting of a very distant drain.
Found 2 gold pieces.
You see here 12 gold pieces.
You completely miss the hornet. The hornet stings you!
You feel yourself slow down. The hornet stings you!
You are poisoned.
You feel as though you will be slow longer.
You closely miss the hornet.
You feel very sick. The hornet completely misses you. The hornet stings you!
* * * LOW HITPOINT WARNING * * *
You suddenly lose the ability to move!
The hornet stings you.
* * * LOW HITPOINT WARNING * * *
You feel as though you will be slow longer.
The hornet stings you!
* * * LOW HITPOINT WARNING * * *
You are lethally poisoned!
You feel as though you will be slow longer.
You can move again.
You feel much better.
You feel very sick. The hornet stings you!
* * * LOW HITPOINT WARNING * * *
You are lethally poisoned!
You shrug off the repeated paralysis!
The hornet closely misses you.
You miss the hornet.
* * * LOW HITPOINT WARNING * * *
You feel extremely sick. The hornet stings you!
* * * LOW HITPOINT WARNING * * *
You feel as though you will be slow longer.
The hornet stings you!
You die...

#...........#..⌠.
##.⌠........##....
#...........#.....
#'#........##.....
#.###...⌠..#......
##...###...##.⌠....
#..⌠...###?#.......
##........#####.....
#..@y.....( ###...
#........⌠. ###.
#........... ##
#.⌠........#
............#
####........##
###...⌠..# ###.$.##


You could see a hornet.

Vanquished Creatures
  A black bear (D:3)
  A phantom (D:4)
  A scorpion (D:5)
  An iguana (D:5)
  Terence (D:2)
  3 gnolls (D:3)
  6 adders
  A white imp (D:5)
  2 worms (D:3)
  4 dart slugs
  An orc (D:4)
  4 bats
  4 endoplasms
  4 giant cockroaches
  3 goblins
  4 hobgoblins
  A quokka (D:2)
  6 ball pythons
  A frilled lizard (D:2)
  5 kobolds
  4 rats
58 creatures vanquished.

Vanquished Creatures (others)
  22 foxfires
22 creatures vanquished.

Grand Total: 80 creatures vanquished

Notes
Turn   | Place    | Note
-------+----------+-------------------------------------------
     0 | D:1      | dompybear the Ogre Cinder Acolyte began the quest for the
                  | Orb.
     0 | D:1      | Reached XP level 1. HP: 24/24 MP: 2/2
     0 | D:1      | Found a faded altar of an unknown god.
   179 | D:1      | Reached XP level 2. HP: 32/32 MP: 3/3
   347 | D:1      | Reached XP level 3. HP: 40/40 MP: 4/4
   789 | D:2      | Noticed Terence
   796 | D:2      | Killed Terence
   797 | D:2      | Reached skill level 5 in Fighting
   797 | D:2      | Reached XP level 4. HP: 38/50 MP: 5/5
  1225 | D:3      | Gained mutation: You have a pair of small antennae on your
                  | head. [potion of mutation]
  1225 | D:3      | Gained mutation: You are strong-willed. (Will+) [potion of
                  | mutation]
  1225 | D:3      | Gained mutation: Your flesh is heat resistant. (rF+)
                  | [potion of mutation]
  1405 | D:3      | Found a glowing silver altar of Zin.
  1496 | D:3      | Reached skill level 1 in Dodging
  1608 | D:3      | Noticed a black bear
  1619 | D:3      | Killed a black bear
  1620 | D:3      | Reached XP level 5. HP: 57/59 MP: 6/6
  1720 | D:3      | Reached XP level 6. HP: 62/67 MP: 7/7
  1872 | D:3      | Reached skill level 1 in Stealth
  2011 | D:4      | Found Cadut's Book Shoppe.
  2295 | D:4      | Reached skill level 6 in Fighting
  2397 | D:4      | Identified the +7 trident of Qeplokesku {heavy, rElec Will+
                  | Dex+2 SInv}
  2446 | D:5      | Entered Level 5 of the Dungeon
  2491 | D:5      | Reached skill level 1 in Short Blades
  2493 | D:5      | Noticed a hornet
  2497 | D:5      | Paralysed by a hornet for 2 turns
  2499 | D:5      | HP: 2/68 [hornet (7)]
  2499 | D:5      | Mangled by a hornet

Illustrated notes

Levels and vault maps discovered:
D:1:      eino_arrival_water_cross, layout_loops_ring,
          ebering_ecumenical_altar_webs, serial_forest, infiniplex_forest_end_2,
          infiniplex_forest_straight_2, infiniplex_forest_clump_medium,
          infiniplex_forest_diagonal, infiniplex_forest_end_3,
          infiniplex_forest_corner_1, infiniplex_forest_lined_room_2
D:2:      layout_loops_corners, minivault_14, uniq_terence
D:3:      layout_basic, zin_academy, serial_bayou_pond_c, due_unseen_surprise
D:4:      layout_loops_ring, serial_shops, shop_statue
D:5:      minmay_skewed_foursquare, layout_loops_ring, lemuel_round_altar,
          portal_sewer_entry_e, uniq_pikel

Skill      XL: |  1  2  3  4  5  6 |
---------------+-------------------+-----
Fire Magic     | 3 |  3.3
Fighting       | 5 6 |  6.4
Dodging        | 1 2 |  2.2
Polearms       | 4 |  4.4
Stealth        | 1 |  1.2
Short Blades   | 1 |  1.2
Maces & Flails | |  0.8
Spellcasting   | |  1.2
Evocations     | |  0.1

Action                     |  1- 3 |  4- 6 || total
---------------------------+-------+-------++-------
  Melee: Spear             |    47 |       ||    47
         Dagger            |       |    71 ||    71
         Flail             |       |     7 ||     7
         Trident           |       |     6 ||     6
 Invoke: Foxfire Swarm     |     2 |     3 ||     5
         Fiery Armour      |     2 |     3 ||     5
  Evoke: Wand              |       |     2 ||     2
    Use: Potion            |       |     8 ||     8
         Scroll            |       |     7 ||     7
   Stab: Sleeping          |     1 |       ||     1
 Armour: Robe              |    19 |    26 ||    45
  Dodge: Dodged            |    19 |    28 ||    47

Table legend: (Time is in decaauts)
 A = Elapsed time spent in this place.
 B = Non-inter-level travel time spent in this place.
 C = Inter-level travel time spent in this place.
 D = Time resting spent in this place.
 E = Time spent auto-exploring this place.
 F = Levels seen in this place.
 G = Mean time per level.
                   A        B        C        D        E       F      G
               +--------+--------+--------+--------+--------+-----+--------+
         Total |   2494 |    453 |   2041 |      0 |      5 |   5 |  498.8 |
       Dungeon |   2494 |    453 |   2041 |      0 |      5 |   5 |  498.8 |
               +--------+--------+--------+--------+--------+-----+--------+

Top non-repeatable levels by time:
     D:3: 811 daAuts
     D:1: 564 daAuts
     D:2: 564 daAuts
     D:4: 496 daAuts
     D:5: 57 daAuts
